[ AOE2 MATCH · #461526754 ]
UnrankedHuns vs Byzantines
Player's team · LOSS
[ REPLAY ANALYSIS · EXTRACTED FROM THE RECORDED GAME ]
Feudal
16:01
Castle
26:00
Imperial
47:40
| APM avg | 19.6 |
| APM peak | 92 |
| eAPM avg | 9.3 |
| Villagers / military | 99 / 179 |
Focus
⚔️ 49.2% · 🌾 50.8%
Tarkan ×48 · Spearman ×43 · Cavalry Archer ×39 · Skirmisher ×17 · Knight ×16 · Trebuchet (Packed) ×7
Feudal
—
Castle
—
Imperial
—
| APM avg | 14.8 |
| APM peak | 52 |
| eAPM avg | 10.6 |
| Villagers / military | 82 / 130 |
Focus
⚔️ 44.1% · 🌾 55.9%
Skirmisher ×31 · Hand Cannoneer ×24 · Militia ×18 · Cataphract ×17 · Spearman ×14 · Archer ×10
Match map
Initial resources + every placement click. Lines = walls · curves = elevation contours. ◆ gold · ⬟ stone · ● berries · ✦ relic · ◌ wall gap
Inputs per minute
— 刘 - - JeanGRZ
Build order — 刘
First 150 of 384 actions detected
| 0:34 | Create | Villager (Male) |
| 0:35 | Create | Villager (Male) |
| 0:35 | Create | Villager (Male) |
| 0:35 | Create | Villager (Male) |
| 0:36 | Create | Villager (Male) |
| 1:36 | Create | Villager (Male) |
| 1:36 | Create | Villager (Male) |
| 2:12 | Create | Villager (Male) |
| 2:12 | Create | Villager (Male) |
| 2:57 | Create | Villager (Male) |
| 2:57 | Create | Villager (Male) |
| 2:57 | Create | Villager (Male) |
| 3:13 | Create | Villager (Male) |
| 3:13 | Create | Villager (Male) |
| 3:38 | Create | Villager (Male) |
| 3:38 | Create | Villager (Male) |
| 3:39 | Create | Villager (Male) |
| 3:39 | Create | Villager (Male) |
| 4:52 | Create | Villager (Male) |
| 4:52 | Create | Villager (Male) |
| 4:52 | Create | Villager (Male) |
| 4:52 | Create | Villager (Male) |
| 5:36 | Build | Mill |
| 5:42 | Create | Villager (Male) |
| 5:42 | Create | Villager (Male) |
| 6:58 | Create | Villager (Male) |
| 6:58 | Create | Villager (Male) |
| 6:59 | Create | Villager (Male) |
| 8:14 | Build | Lumber Camp |
| 8:27 | Create | Villager (Male) |
| 8:28 | Create | Villager (Male) |
| 8:28 | Create | Villager (Male) |
| 8:28 | Create | Villager (Male) |
| 8:29 | Create | Villager (Male) |
| 9:10 | Build | Barracks |
| 9:15 | Create | Villager (Male) |
| 9:15 | Create | Villager (Male) |
| 9:15 | Create | Villager (Male) |
| 9:16 | Create | Villager (Male) |
| 9:40 | Build | Farm |
| 9:55 | Build | Farm |
| 10:22 | Build | Farm |
| 10:27 | Create | Villager (Male) |
| 10:28 | Create | Villager (Male) |
| 10:28 | Create | Villager (Male) |
| 10:34 | Build | Farm |
| 10:41 | Build | Farm |
| 10:53 | Build | Farm |
| 11:05 | Build | Farm |
| 11:13 | Build | Farm |
| 11:19 | Build | Farm |
| 11:27 | Build | Farm |
| 11:34 | Build | Farm |
| 11:41 | Build | Farm |
| 11:53 | Build | Farm |
| 12:03 | Build | Farm |
| 12:23 | Build | Farm |
| 13:11 | Build | Mining Camp |
| 13:18 | Build | Farm |
| 13:37 | Create | Militia |
| 13:38 | Create | Militia |
| 13:38 | Create | Militia |
| 13:38 | Create | Militia |
| 13:38 | Create | Militia |
| 13:39 | Create | Militia |
| 13:51 | Research | Feudal Age |
| 15:17 | Create | Villager (Male) |
| 15:18 | Create | Villager (Male) |
| 15:18 | Create | Villager (Male) |
| 15:19 | Create | Villager (Male) |
| 15:19 | Create | Villager (Male) |
| 15:19 | Create | Villager (Male) |
| 15:19 | Create | Villager (Male) |
| 15:20 | Create | Villager (Male) |
| 16:01 | Age | Feudal Age |
| 16:09 | Research | Horse Collar |
| 16:16 | Research | Double-Bit Axe |
| 16:31 | Create | Spearman |
| 16:32 | Create | Spearman |
| 16:32 | Create | Spearman |
| 16:32 | Create | Spearman |
| 16:32 | Create | Spearman |
| 16:33 | Create | Spearman |
| 16:37 | Create | Villager (Male) |
| 16:37 | Create | Villager (Male) |
| 16:38 | Create | Villager (Male) |
| 17:15 | Create | Spearman |
| 17:15 | Create | Spearman |
| 17:16 | Create | Spearman |
| 17:16 | Create | Spearman |
| 17:16 | Create | Spearman |
| 17:55 | Build | Archery Range |
| 18:00 | Create | Spearman |
| 18:00 | Create | Spearman |
| 18:00 | Create | Spearman |
| 18:01 | Create | Spearman |
| 19:01 | Build | Archery Range |
| 19:25 | Research | Gold Mining |
| 19:26 | Research | Stone Mining |
| 19:33 | Create | Villager (Male) |
| 19:33 | Create | Villager (Male) |
| 19:33 | Create | Villager (Male) |
| 19:33 | Create | Villager (Male) |
| 19:34 | Create | Villager (Male) |
| 20:14 | Build | Mining Camp |
| 20:37 | Create | Skirmisher |
| 20:37 | Create | Skirmisher |
| 20:37 | Create | Skirmisher |
| 20:37 | Create | Skirmisher |
| 20:38 | Create | Skirmisher |
| 20:38 | Create | Skirmisher |
| 20:38 | Create | Skirmisher |
| 20:39 | Create | Skirmisher |
| 20:39 | Create | Skirmisher |
| 20:39 | Create | Skirmisher |
| 20:48 | Build | Stable |
| 20:53 | Create | Skirmisher |
| 20:54 | Create | Skirmisher |
| 20:54 | Create | Skirmisher |
| 21:20 | Build | Farm |
| 21:58 | Build | Farm |
| 22:07 | Build | Farm |
| 22:16 | Build | Farm |
| 22:30 | Build | Farm |
| 22:47 | Build | Farm |
| 22:57 | Build | Farm |
| 23:20 | Research | Castle Age |
| 23:27 | Create | Scout Cavalry |
| 23:27 | Create | Scout Cavalry |
| 23:33 | Create | Skirmisher |
| 23:33 | Create | Skirmisher |
| 23:34 | Create | Skirmisher |
| 23:35 | Create | Skirmisher |
| 23:43 | Create | Villager (Male) |
| 23:44 | Create | Villager (Male) |
| 24:18 | Create | Villager (Male) |
| 24:19 | Create | Villager (Male) |
| 24:21 | Create | Villager (Male) |
| 24:22 | Create | Villager (Male) |
| 26:00 | Age | Castle Age |
| 26:04 | Research | Heavy Plow |
| 26:09 | Research | Bow Saw |
| 26:18 | Research | Gold Shaft Mining |
| 26:39 | Create | Knight |
| 26:39 | Create | Knight |
| 26:39 | Create | Knight |
| 26:40 | Create | Knight |
| 26:49 | Create | Knight |
| 26:49 | Create | Knight |
| 26:49 | Create | Knight |
Build order — JeanGRZ
First 150 of 345 actions detected
| 0:03 | Create | Villager (Male) |
| 0:03 | Create | Villager (Male) |
| 0:04 | Create | Villager (Male) |
| 0:06 | Build | House |
| 0:14 | Build | House |
| 0:16 | Create | Villager (Male) |
| 0:16 | Create | Villager (Male) |
| 1:34 | Create | Villager (Male) |
| 1:52 | Build | Lumber Camp |
| 2:07 | Create | Villager (Male) |
| 2:23 | Create | Villager (Male) |
| 3:15 | Create | Villager (Male) |
| 3:35 | Create | Villager (Male) |
| 3:35 | Create | Villager (Male) |
| 3:35 | Create | Villager (Male) |
| 3:47 | Build | House |
| 4:19 | Create | Villager (Male) |
| 4:20 | Create | Villager (Male) |
| 4:20 | Create | Villager (Male) |
| 5:12 | Create | Villager (Male) |
| 5:12 | Create | Villager (Male) |
| 5:33 | Create | Villager (Male) |
| 6:05 | Create | Villager (Male) |
| 6:39 | Build | Mill |
| 6:55 | Create | Villager (Male) |
| 6:56 | Create | Villager (Male) |
| 7:05 | Build | House |
| 7:11 | Research | Loom |
| 7:12 | Create | Villager (Male) |
| 7:12 | Create | Villager (Male) |
| 7:27 | Build | Farm |
| 7:27 | Build | Farm |
| 7:28 | Build | Farm |
| 8:37 | Research | Feudal Age |
| 9:17 | Create | Villager (Male) |
| 9:17 | Create | Villager (Male) |
| 9:49 | Build | Farm |
| 9:50 | Build | Farm |
| 9:50 | Build | Farm |
| 10:13 | Build | Mining Camp |
| 10:38 | Build | House |
| 10:48 | Create | Villager (Male) |
| 10:48 | Create | Villager (Male) |
| 11:12 | Build | Farm |
| 11:19 | Build | Market |
| 11:52 | Build | House |
| 12:01 | Build | Farm |
| 12:34 | Build | Barracks |
| 13:01 | Build | House |
| 13:07 | Create | Villager (Male) |
| 13:10 | Create | Villager (Male) |
| 13:13 | Create | Villager (Male) |
| 13:15 | Create | Villager (Male) |
| 13:42 | Build | Mining Camp |
| 14:09 | Build | Farm |
| 14:31 | Build | Farm |
| 14:51 | Build | Farm |
| 15:16 | Build | Blacksmith |
| 15:21 | Create | Villager (Male) |
| 15:56 | Research | Castle Age |
| 16:02 | Research | Double-Bit Axe |
| 16:06 | Research | Horse Collar |
| 16:39 | Create | Villager (Male) |
| 16:40 | Create | Villager (Male) |
| 18:57 | Create | Villager (Male) |
| 18:57 | Create | Villager (Male) |
| 19:13 | Build | University |
| 19:24 | Build | Archery Range |
| 19:36 | Build | Stable |
| 20:29 | Build | Lumber Camp |
| 21:09 | Research | Wheelbarrow |
| 21:09 | Create | Villager (Male) |
| 21:10 | Create | Villager (Male) |
| 21:10 | Create | Villager (Male) |
| 22:52 | Build | Town Center |
| 23:07 | Build | Farm |
| 23:20 | Create | Archer |
| 23:22 | Create | Archer |
| 23:22 | Create | Archer |
| 23:22 | Create | Archer |
| 23:25 | Research | Crossbowman (upgrade) |
| 23:38 | Research | Husbandry |
| 23:43 | Create | Knight |
| 23:43 | Create | Knight |
| 23:44 | Create | Knight |
| 23:44 | Create | Knight |
| 23:44 | Create | Knight |
| 23:44 | Create | Knight |
| 23:45 | Create | Knight |
| 23:57 | Build | Castle |
| 24:03 | Create | Villager (Male) |
| 24:03 | Create | Villager (Male) |
| 24:03 | Create | Villager (Male) |
| 24:14 | Build | House |
| 24:16 | Build | House |
| 24:46 | Research | Forging |
| 25:01 | Build | Farm |
| 25:08 | Research | Heavy Plow |
| 25:16 | Create | Villager (Male) |
| 25:16 | Create | Villager (Male) |
| 25:16 | Create | Villager (Male) |
| 25:16 | Create | Villager (Male) |
| 25:19 | Create | Villager (Male) |
| 25:19 | Create | Villager (Male) |
| 25:22 | Create | Villager (Male) |
| 25:22 | Create | Villager (Male) |
| 25:28 | Build | Farm |
| 26:07 | Research | Scale Barding Armor |
| 26:12 | Research | Iron Casting |
| 26:26 | Build | Farm |
| 26:27 | Build | Farm |
| 27:20 | Build | Farm |
| 27:21 | Build | Farm |
| 27:21 | Build | Farm |
| 27:21 | Build | Farm |
| 27:26 | Build | Farm |
| 27:41 | Build | Farm |
| 27:46 | Research | Ballistics |
| 28:01 | Build | House |
| 28:01 | Build | House |
| 28:02 | Build | House |
| 28:02 | Build | House |
| 28:02 | Build | House |
| 28:02 | Build | House |
| 28:03 | Build | House |
| 28:18 | Build | Farm |
| 28:34 | Research | Imperial Age |
| 28:35 | Create | Villager (Male) |
| 28:36 | Create | Villager (Male) |
| 28:36 | Create | Villager (Male) |
| 28:56 | Build | Farm |
| 28:58 | Build | Farm |
| 29:18 | Create | Villager (Male) |
| 29:18 | Create | Villager (Male) |
| 29:19 | Create | Villager (Male) |
| 29:19 | Create | Villager (Male) |
| 29:19 | Create | Villager (Male) |
| 29:32 | Build | Farm |
| 29:32 | Build | Farm |
| 30:01 | Build | Lumber Camp |
| 30:11 | Build | Farm |
| 30:31 | Create | Villager (Male) |
| 30:32 | Create | Villager (Male) |
| 30:51 | Build | Siege Workshop |
| 31:08 | Create | Archer |
| 31:12 | Create | Archer |
| 31:13 | Create | Archer |
| 31:47 | Research | Fletching |
| 31:49 | Research | Padded Archer Armor |
| 31:56 | Research | Chain Barding Armor |
Match timeline
| 9:10 | 刘 · first_building Barracks |
| 12:34 | JeanGRZ · first_building Barracks |
| 16:01 | 刘 · age_up feudal |
| 17:55 | 刘 · first_building Archery Range |
| 19:24 | JeanGRZ · first_building Archery Range |
| 19:36 | JeanGRZ · first_building Stable |
| 20:48 | 刘 · first_building Stable |
| 23:57 | JeanGRZ · first_building Castle |
| 26:00 | 刘 · age_up castle |
| 30:51 | JeanGRZ · first_building Siege Workshop |
| 32:08 | 刘 · first_building Castle |
| 47:40 | 刘 · age_up imperial |
| 51:28 | JeanGRZ · first_building Monastery |
| 52:55 | 刘 · resign |
[ AI ANALYSIS · 1 CREDIT ]
What really happened in this match?
Wolo.gg analyzes every decision: build order, eco, micro, common mistakes by bracket. Personalized analysis on WhatsApp or Discord in 30 seconds.
Civ guide
Huns
Perfil
Jugador #5339534